 Dungeon Crawl Stone Soup version 0.28-a0-1567-g1695149f81 (webtiles) character file.

Game seed: 9305765817767383176

115 issech the Ducker (level 4, -2/44 HPs)
             Began as a Troll Fighter on Jan 19, 2022.
             Slain by an orc (9 damage)
             ... on level 4 of the Dungeon.
             The game lasted 00:09:28 (2514 turns).

issech the Ducker (Troll Fighter)                   Turns: 2514, Time: 00:09:29

Health: -2/44      AC:  5    Str: 24    XL:     4   Next: 68%
Magic:  3/3        EV:  9    Int:  4    God:
Gold:   60         SH:  7    Dex: 11    Spells: 3/3 levels left

rFire   . . .      SeeInvis .   j - +0 mace
rCold   . . .      Faith    .   c - +0 kite shield
rNeg    . . .      Spirit   .   b - +0 robe
rPois   +          Reflect  .   (helmet restricted)
rElec   .          Harm     .   t - +0 cloak
rCorr   .          Rampage  .   (gloves unavailable)
Will    .....      Clarity  +   (boots unavailable)
Stlth   +.........              (no amulet)
HPRegen 0.94/turn               (no ring)
MPRegen 0.08/turn               (no ring)

@: no status effects
A: large, unfitting armour, claws 3, regeneration 1, shaggy fur 1, tough skin 1,
clarity, poison resistance
a: no special abilities


You were on level 4 of the Dungeon.
You visited 1 branch of the dungeon, and saw 4 of its levels.

You collected 60 gold pieces.

Inventory:

Hand Weapons
 a - a +0 flail
 j - a +0 mace (weapon)
 n - a +0 mace
 w - a +2 short sword of venom
Missiles
 e - 15 sling bullets
 h - 96 stones (quivered)
 i - 52 arrows
 r - 9 poisoned darts
 u - 14 bolts
Armour
 b - a +0 robe (worn)
 c - a +0 kite shield (worn)
 f - an orb of energy
 l - a +0 kite shield
 t - a +0 cloak (worn)
Wands
 p - a wand of mindburst (19)
Scrolls
 g - a scroll of silence {unknown}
 k - 4 scrolls of teleportation
 o - a scroll of vulnerability {unknown}
 q - a scroll of fog
 v - a scroll of brand weapon {unknown}
Potions
 d - a potion of might
 m - a potion of attraction
 s - a potion of heal wounds
 x - a potion of lignification {unknown}


   Skills:
 + Level 2.9 Fighting
 + Level 2.7 Maces & Flails
 + Level 3.1 Dodging
 + Level 0.2 Stealth
 + Level 3.0 Shields


You had 3 spell levels left.
You didn't know any spells.
Your spell library contained the following spells:

 Spells                   Type           Power      Damage    Failure   Level
 Foxfire                  Conj/Fire      0%         2x1d4     80%         1
 Sandblast                Erth           0%         2d4       80%         1
 Passwall                 Tmut/Erth      0%         N/A       90%         2
 Conjure Flame            Conj/Fire      0%         6-21      99%         3
 Inner Flame              Hex/Fire       0%         N/A       99%         3
 Stone Arrow              Conj/Erth      0%         3d7       99%         3
 Flame Wave               Conj/Fire      0%         2d4       100%        4


Dungeon Overview and Level Annotations

Branches:
Dungeon (4/15)
 Temple: D:4-7

Altars:
Vehumet


Innate Abilities, Weirdness & Mutations

You are too large for most types of armour.
You have claws for hands.
Your natural rate of healing is unusually fast.
You are covered in fur. (AC +1)
You have tough skin. (AC +1)
You possess an exceptional clarity of mind.
Your system is resistant to poisons. (rPois)


Message History

You hit the orc priest.
The orc priest is lightly wounded.
The orc priest calls down the wrath of Beogh upon you.
Beogh smites you! The orc completely misses you.
The orc priest invokes the aid of Beogh against you.
Pain shoots through your body! The orc hits you but does no damage.
You block the orc's attack. The orc hits you with a +0 morningstar.
The orc priest barely misses you.
There is a stone staircase leading up here.
You can't go down here!
The orc closely misses you. The orc priest hits you with a +0 whip.
You climb upwards.
There is a stone staircase leading down here.
You block the orc's attack. The orc priest misses you.
You climb downwards.
There is a stone staircase leading up here.
You closely miss the orc priest.
The orc priest is lightly wounded.
The orc hits you with a +0 morningstar. You block the orc priest's attack. x2
The orc hits you with a +0 morningstar.
You hit the orc priest but do no damage.
The orc priest is lightly wounded.
The orc barely misses you. The orc priest hits you with a +0 whip.
You closely miss the orc priest.
The orc priest is lightly wounded.
The orc hits you but does no damage. The orc priest barely misses you.
The orc barely misses you.
The orc priest hits you but does no damage.
You hit the orc priest.
The orc priest is heavily wounded.
The orc hits you with a +0 morningstar!
* * * LOW HITPOINT WARNING * * *
The orc priest hits you with a +0 whip.
* * * LOW HITPOINT WARNING * * *
You hit the orc priest.
The orc priest is heavily wounded.
You block the orc priest's attack. The orc hits you with a +0 morningstar!
You die...

###...............#
..................
................#
#...............
#######...............
#...................#.
#.........[[.......##.
#.....o..#..!).##.###.
#...o@.....###.# #.
#...........# .# ##
.....########....# #
#.### ##.. # . #. .# #
... ###


You could see an orc priest and an orc.

Vanquished Creatures
  4 gnolls (D:2)
  2 adders
  An adder skeleton (D:4)
  2 dart slugs (D:2)
  2 orcs (D:4)
  An endoplasm (D:1)
  3 giant cockroaches
  6 goblins
  4 hobgoblins
  2 jackals (D:3)
  5 ball pythons
  4 bats
  4 frilled lizards
  7 kobolds
  3 rats
50 creatures vanquished.

Vanquished Creatures (others)
  5 fungi (D:1)
  8 plants (D:1)
13 creatures vanquished.

Grand Total: 63 creatures vanquished

Notes
Turn   | Place    | Note
-------+----------+-------------------------------------------
     0 | D:1      | issech the Troll Fighter began the quest for the Orb.
     0 | D:1      | Reached XP level 1. HP: 22/22 MP: 0/0
   183 | D:1      | Reached XP level 2. HP: 28/29 MP: 1/1
   210 | D:1      | Found a faded altar of an unknown god.
   650 | D:2      | Found a radiant altar of Vehumet.
   950 | D:2      | You fall into a shaft and drop 1 floor!
  1100 | D:2      | Reached XP level 3. HP: 36/36 MP: 2/2
  1446 | D:2      | Reached XP level 4. HP: 44/44 MP: 3/3
  1601 | D:2      | Gained mutation: Your system is resistant to poisons.
                  | (rPois) [potion of mutation]
  1601 | D:2      | Gained mutation: You possess an exceptional clarity of
                  | mind. [potion of mutation]
  2514 | D:4      | Slain by an orc

Illustrated notes

Levels and vault maps discovered:
D:1:      psy_arrival_terrarium, layout_basic, dreamdust_ecumenical_altar_grove
D:2:      layout_loops_ring, basic_altar, nrook_mini_backslash,
          supply_closet_lemuel, serial_bayou_pond_a, roderic_lattice_a
D:3:      layout_basic
D:4:      layout_rooms, serial_shops, nicolae_lakefront_shop, uniq_sigmund

Skill      XL: |  1  2  3  4 |
---------------+-------------+-----
Maces & Flails | 2 |  2.7
Dodging        | 3 |  3.1
Shields        | 3 |  3.0
Fighting       | |  2.9
Stealth        | |  0.2

Action                   |  1- 3 |  4- 6 || total
-------------------------+-------+-------++-------
Melee: Flail             |    73 |       ||    73
       Mace              |    69 |    84 ||   153
  Use: Scroll            |       |     7 ||     7
       Potion            |       |     1 ||     1
 Stab: Sleeping          |     2 |       ||     2
Armor: Robe              |    31 |    31 ||    62
Dodge: Dodged            |    49 |    55 ||   104
Block: Kite shield       |    50 |    53 ||   103

Table legend: (Time is in decaauts)
 A = Elapsed time spent in this place.
 B = Non-inter-level travel time spent in this place.
 C = Inter-level travel time spent in this place.
 D = Time resting spent in this place.
 E = Time spent auto-exploring this place.
 F = Levels seen in this place.
 G = Mean time per level.
                   A        B        C        D        E       F      G
               +--------+--------+--------+--------+--------+-----+--------+
         Total |   2617 |   2589 |     28 |      0 |   1191 |   4 |  654.2 |
       Dungeon |   2617 |   2589 |     28 |      0 |   1191 |   4 |  654.2 |
               +--------+--------+--------+--------+--------+-----+--------+

Top non-repeatable levels by time:
     D:2: 877 daAuts
     D:3: 727 daAuts
     D:1: 685 daAuts
     D:4: 327 daAuts
